 Dungeon Crawl Stone Soup version 0.21.1-1-g345015fe64 (webtiles) character file.

4397 taffy the Fencer (level 10, 0/77 HPs)
             Began as a Minotaur Fighter on May 18, 2018.
             Was a Believer of Ashenzari.
             Killed from afar by an orc wizard (2 damage)
             ... with a magic dart
             ... on level 9 of the Dungeon.
             The game lasted 00:37:45 (8920 turns).

taffy the Fencer (Minotaur Fighter)                 Turns: 8920, Time: 00:37:45

Health: 0/77       AC: 13    Str: 25    XL:     10   Next: 13%
Magic:  9/9        EV: 12    Int:  5    God:    Ashenzari [**....]
Gold:   511        SH: 12    Dex: 11    Spells: 9/9 levels left

rFire    + . .     SeeInvis .   a - +0 long sword (curse)
rCold    + . .     Gourm    .   c - +1 shield (curse)
rNeg     . . .     Faith    .   b - +6 scale mail
rPois    .         Spirit   .   (helmet restricted)
rElec    .         Reflect  .   o - scarf {rC+ rF+}
rCorr    .         Harm     .   s - +0 pair of gloves (curse)
MR       .....                  (no boots)
Stlth    ..........             (no amulet)
HPRegen  0.22/turn              r - +4 ring of evasion (curse)
MPRegen  0.11/turn              q - +2 ring of strength (curse)

@: drained
A: retaliatory headbutt, horns 2
a: Curse Item, Scrying, Renounce Religion


You were on level 9 of the Dungeon.
You worshipped Ashenzari.
Ashenzari was pleased with you.
You were not hungry.

You visited 2 branches of the dungeon, and saw 10 of its levels.
You also visited: Ossuary and Bailey.

You collected 511 gold pieces.

Inventory:

Hand Weapons
 a - a cursed +0 long sword (weapon)
Missiles
 k - 57 sling bullets
Armour
 b - a +6 scale mail (worn)
 c - a cursed +1 shield (worn)
 j - a +3 plate armour
 o - a scarf of resistance (worn)
 s - a cursed +0 pair of gloves (worn)
 y - a +2 cloak
Jewellery
 e - an uncursed ring of resist corrosion
 q - a cursed +2 ring of strength (right hand)
 r - a cursed +4 ring of evasion (left hand)
 t - an uncursed amulet of regeneration
 J - an uncursed ring of stealth
Wands
 l - a wand of flame (28)
 p - a wand of polymorph (9)
 B - a wand of iceblast (6)
Scrolls
 h - 3 scrolls of amnesia {unknown}
 i - 3 scrolls of identify
 C - a scroll of teleportation
 D - a scroll of immolation {unknown}
 F - a scroll of torment {unknown}
 K - a scroll of fog {unknown}
Potions
 d - 2 potions of might
 m - a potion of resistance {unknown}
 n - a potion of degeneration {unknown}
 u - a potion of haste {unknown}
 v - a potion of mutation {unknown}
 w - 5 potions of agility {unknown}
 x - 2 potions of lignification {unknown}
 z - a potion of berserk rage {unknown}
 A - a potion of invisibility
 E - 2 potions of flight
 G - a potion of brilliance {unknown}
 I - a potion of ambrosia {unknown}
Comestibles
 f - 4 rations


   Skills:
 - Level 3.6(3.0) Fighting
 - Level 15.6(16.7) Long Blades
 - Level 3.6(3.0) Armour
 * Level 7.2(8.1) Shields


You had 9 spell levels left.
You didn't know any spells.

Dungeon Overview and Level Annotations

Branches:
Dungeon (9/15)             Temple (1/1) D:5             Orc (0/2) D:9
   Lair: D:8-11

Altars:
Ashenzari
Cheibriados
Dithmenos
Elyvilon
Fedhas
Hepliaklqana
Kikubaaqudgha
Makhleb
Nemelex Xobeh
Okawaru
Qazlal
Ru
Sif Muna
Trog
Uskayaw
Vehumet
Wu Jian
Xom
Yredelemnul
Zin
The Shining One
Beogh

Annotations:
D:3 Goboxel's ghost, amateur GnSk


Innate Abilities, Weirdness & Mutations

You reflexively headbutt those who attack you in melee.
You have a pair of horns on your head.


Message History

You block the orc warrior's attack.
You hit the orc warrior. Your headbutt misses the orc warrior.
The orc warrior is heavily wounded.
The orc hits you with a flail of draining.
* * * LOW HITPOINT WARNING * * *
You feel drained.
* * * LOW HITPOINT WARNING * * *
Unknown command.
The orc warrior hits you but does no damage.
You see here a +0 short sword.
A phantom comes into view.
Found an uncursed enchanted helmet.
Found a glowing silver altar of Zin.
The orc priest calls down the wrath of Beogh upon you.
Beogh smites you!
* * * LOW HITPOINT WARNING * * *
2 wights come into view.
Ashenzari warns you: A wight is wielding a halberd of venom.
A magic dart appears from out of thin air!
The magic dart hits you!
You die...

#.....).....#*, ,
**#..)∩)....#
#...).....## ,
#..........# ** *
#.##..#.##.# * *
#.###.#.##.#** ,#
#.##.#....... {.#
#.#.##.###.####z.###
*#..###.# #.@..z....#
* *, ,
#.#.##.###.#.##.##. *
*,#....#.....#.##.#*
** *
*#.###..#....o....# *
, *#. #.#..o#.#.#### *
#.###.#...#.#...
.##.(.....{.#.[... ,
*,
..##...>.[o.####.._...
* ,........))..#
......


You could see 2 wights and 2 orcs.

Vanquished Creatures
  A two-headed ogre (D:6)
  A hippogriff (D:7)
  4 humans (D:6)
  A steam dragon (D:7)
  A hornet zombie (D:8)
  3 orc warriors
  An eye of draining (D:8)
  4 ice beasts
  2 phantoms
  3 ogres
  A centaur (D:5)
  3 bullfrogs (D:7)
  3 killer bees (D:5)
  A howler monkey (D:5)
  2 jellies
  A centaur zombie (D:8)
  2 crimson imps
  2 bullfrog skeletons (D:7)
  A centaur skeleton (D:7)
  7 orc priests
  2 hounds
  4 orc wizards
  Ijyb (D:3)
  Natasha (thrice) (D:2)
  4 worker ants
  A mummy (Ossuary)
  A howler monkey skeleton (D:2)
  A worker ant zombie (D:8)
  11 gnolls
  6 adders
  3 shadow imps
  2 adder zombies
  2 dart slugs (D:1)
  2 worms (D:2)
  A leopard gecko (D:5)
  24 orcs
  8 giant cockroaches
  6 goblins
  7 hobgoblins
  25 jackals
  3 quokkas
  9 bats
  12 frilled lizards
  5 gnoll skeletons (Ossuary)
  17 kobolds
  6 kobold skeletons (Ossuary)
  14 orc skeletons (Ossuary)
  A quokka skeleton (D:7)
  9 rats
234 creatures vanquished.

Notes
Turn   | Place    | Note
-------+----------+-------------------------------------------
     0 | D:1      | taffy the Minotaur Fighter began the quest for the Orb.
     0 | D:1      | Reached XP level 1. HP: 19/19 MP: 0/0
    61 | D:1      | Reached skill level 3 in Long Blades
   104 | D:1      | Reached XP level 2. HP: 24/26 MP: 1/1
   277 | D:1      | Reached skill level 4 in Long Blades
   575 | D:2      | Reached XP level 3. HP: 27/31 MP: 2/2
   844 | D:2      | Reached skill level 5 in Long Blades
   934 | D:2      | Noticed Natasha
   947 | D:2      | Killed Natasha
   947 | D:2      | Reached XP level 4. HP: 24/39 MP: 3/3
  1175 | D:3      | Found a radiant altar of Vehumet.
  1192 | D:3      | Noticed Goboxel's ghost (amateur GnSk)
  1240 | D:4      | Found a sacrificial altar of Ru.
  1276 | D:4      | Reached skill level 6 in Long Blades
  1291 | D:4      | Reached XP level 5. HP: 41/45 MP: 4/4
  1518 | D:4      | Noticed a phantom
  1530 | D:4      | Killed a phantom
  1530 | D:4      | Reached skill level 7 in Long Blades
  1624 | D:4      | Found a sand-covered staircase.
  1629 | Ossuary  | Entered an ossuary
  1629 | Ossuary  | Noticed a wraith
  1629 | Ossuary  | Noticed a wraith
  1629 | Ossuary  | Noticed a wraith
  1820 | Ossuary  | Reached XP level 6. HP: 12/51 MP: 5/5
  2165 | Ossuary  | Noticed a wraith
  2355 | D:3      | Noticed Ijyb
  2405 | D:4      | Reached skill level 8 in Long Blades
  2870 | D:2      | Noticed Natasha
  2874 | D:2      | Killed Natasha
  2905 | D:2      | Noticed Natasha
  2911 | D:2      | Killed Natasha
  3056 | D:3      | Killed Ijyb
  3056 | D:3      | Reached skill level 9 in Long Blades
  3513 | D:4      | Reached XP level 7. HP: 37/57 MP: 6/6
  3682 | D:4      | You fall through a shaft!
  3682 | D:5      | Entered Level 5 of the Dungeon
  3793 | D:5      | Reached skill level 10 in Long Blades
  4215 | D:5      | Found a staircase to the Ecumenical Temple.
  4222 | Temple   | Entered the Ecumenical Temple
  4479 | Temple   | Became a worshipper of Ashenzari the Shackled
  4768 | D:5      | Found a shadowy altar of Dithmenos.
  4790 | D:5      | Reached skill level 11 in Long Blades
  4791 | D:5      | Reached XP level 8. HP: 17/64 MP: 7/7
  5070 | D:5      | Found a white marble altar of Elyvilon.
  5333 | D:5      | Found a hazy altar of Hepliaklqana.
  5523 | D:4      | Identified the +8 spear "Jecoish" {drain, Fragile MR+++ Dex-3 Stlth+} (You found it on level 4 of the Dungeon)
  5725 | D:6      | Reached skill level 12 in Long Blades
  5863 | D:6      | Reached skill level 13 in Long Blades
  6098 | D:7      | Noticed a hippogriff
  6661 | D:7      | Reached XP level 9. HP: 70/70 MP: 8/8
  6697 | D:7      | Reached * piety under Ashenzari
  6769 | D:7      | Reached skill level 14 in Long Blades
  6829 | D:7      | Found a stormy altar of Qazlal.
  6880 | D:7      | Noticed a two-headed ogre
  7168 | D:6      | Killed a two-headed ogre
  7168 | D:6      | Reached skill level 15 in Long Blades
  7372 | D:7      | Found a snail-covered altar of Cheibriados.
  7457 | D:7      | Found an ornate altar of the Wu Jian Council.
  7505 | D:7      | Found a glowing silver altar of Zin.
  7506 | D:7      | Found a deep blue altar of Sif Muna.
  7648 | D:8      | Reached skill level 5 in Shields
  8015 | D:8      | Reached ** piety under Ashenzari
  8077 | D:8      | Reached XP level 10. HP: 77/77 MP: 9/9
  8535 | D:9      | Found a staircase to the Orcish Mines.
  8553 | D:9      | Found a flagged portal.
  8559 | Bailey   | Entered a bailey
  8566 | Bailey   | Noticed an orc knight
  8577 | Bailey   | Noticed an orc knight
  8887 | D:9      | Found a roughly hewn altar of Beogh.
  8917 | D:9      | Found a glowing silver altar of Zin.
  8918 | D:9      | HP: 2/77 [orc priest/divine providence (12)]
  8920 | D:9      | Killed from afar by an orc wizard

Skill      XL: |  1  2  3  4  5  6  7  8  9 10 |
---------------+-------------------------------+-----
Long Blades    | 3 4 5 6 7 9 11 13 15 | 15.6
Shields        | 6 7 |  7.2
Fighting       | |  3.6
Armour         | |  3.6

Action                   |  1- 3 |  4- 6 |  7- 9 | 10-12 || total
-------------------------+-------+-------+-------+-------++-------
Melee: Long sword        |    95 |   186 |   250 |   138 ||   669
       Headbutt          |    11 |    43 |    65 |    31 ||   150
Invok: Curse Item        |       |       |     5 |       ||     5
  Use: Scroll            |       |    10 |     9 |     1 ||    20
       Potion            |       |     2 |     7 |     2 ||    11
  Eat: Ration            |       |     3 |     4 |     1 ||     8
Armor: Scale mail        |    65 |   106 |    78 |    34 ||   283
Dodge: Dodged            |    52 |   114 |   117 |    49 ||   332
Block: Shield            |       |       |     7 |    98 ||   105
       Rpst.: Long sword |    15 |    27 |    37 |     7 ||    86
